 Dungeon Crawl Stone Soup version 0.32-a0-791-gfc315c9ecd (webtiles) character file.

Game seed: 15370611642853947281

30 jasper the Trooper (level 3, -1/33 HPs)
             Began as a Minotaur Fighter on Mar 20, 2024.
             Killed from afar by a dart slug (6 damage)
             ... with a slug dart
             ... on level 2 of the Dungeon.
             The game lasted 00:01:29 (1012 turns).

jasper the Trooper (Minotaur Fighter)               Turns: 1012, Time: 00:01:29

Health: -1/33      AC:  6    Str: 20    XL:     3   Next: 5%
Magic:  2/2        EV:  8    Int:  7    God:
Gold:   31         SH:  9    Dex:  9    Spells: 2/2 levels left

rFire   . .          .
                       - Unarmed
rCold   . . .        b - +0 buckler
rNeg    . . .        a - +0 scale mail
rPois   .            (helmet restricted)
rElec   .            (no cloak)
rCorr   .            (no gloves)
SInv    .            (no boots)
Will    .....        i - amulet of reflection Stlth
                     (no ring)
HPRegen 0.25/turn    (no ring)
MPRegen 0.08/turn

%: reflection
@: no status effects
A: horns 2, retaliatory headbutt
a: no special abilities


You were on level 2 of the Dungeon.
You visited 1 branch of the dungeon, and saw 2 of its levels.

You collected 31 gold pieces.

Inventory:

Missiles
 e - 8 stones (quivered)
Armour
 a - a +0 scale mail (worn)
 b - a +0 buckler (worn)
Jewellery
 i - an amulet of reflection (around neck)
Potions
 c - a potion of might
 d - 2 potions of attraction
 f - a potion of curing {unknown}


   Skills:
 + Level 4.0 Fighting
 - Level 3.6 Armour
 + Level 4.0 Shields
 * Level 3.2 Unarmed Combat


You had 2 spell levels left.
You didn't know any spells.
Your spell library contained the following spells:

 Spells                   Type           Power      Damage    Failure   Level
 Dazzling Flash           Conj/Hex       0%         N/A       99%         3
 Mephitic Cloud           Conj/Alch/Air  0%         N/A       99%         3
 Curse of Agony           Necr           0%         N/A       100%        5
 Silence                  Hex/Air        0%         N/A       100%        5


Dungeon Overview and Level Annotations

Branches:
Dungeon (2/15)

Altars:

Annotations:
D:2 Jessica


Innate Abilities, Weirdness & Mutations

You have a pair of horns on your head.
You reflexively headbutt those who attack you in melee.


Message History

The endoplasm is moderately wounded.
The endoplasm hits you.
You take 1 damage, and have 30/33 hp.
You hit the endoplasm. You headbutt the endoplasm.
You kill the endoplasm!
Items here: ) †††.
There is a stone staircase leading down here.
You climb downwards.
Level annotation: Jessica
There is a stone staircase leading up here.
Found a stone staircase leading down.
You hit the dart slug but do no damage. You hit the dart slug but do no damage.
You block the dart slug's attack. Jessica hits you with a +7 club!
You take 8 damage, and have 24/33 hp.
MASSIVE DAMAGE!!
You barely miss Jessica. The dart slug launches a dart at you.
You block the slug dart... and reflect it back!
The slug dart hits the dart slug.
You block Jessica's attack.
You closely miss Jessica. Your headbutt misses Jessica. You hit Jessica.
Jessica is lightly wounded.
Jessica hits you with a +7 club. You block the dart slug's attack.
You take 2 damage, and have 23/33 hp.
You closely miss Jessica.
Jessica is lightly wounded.
You block Jessica's attack. The dart slug launches a dart at you.
The slug dart misses you.
You hit Jessica but do no damage.
Jessica is lightly wounded.
Jessica hits you with a +7 club!
You take 11 damage, and have 12/33 hp.
MASSIVE DAMAGE!!
You hit Jessica.
Jessica is moderately wounded.
Jessica hits you with a +7 club!
* * * LOW HITPOINT WARNING * * *
The dart slug launches a dart at you. The slug dart hits you.
You die...

..... ... ....
..# #.). ..#
###.#.#..####
##...........##
.......<......#
...............
.......<)......
......@@.......
.......w.)..$..
...............
...............
#.............#
##...........##
##..######..#
..> ...


You could see a dart slug and Jessica.

Vanquished Creatures
  An adder (D:1)
  2 endoplasms (D:1)
  A giant cockroach (D:1)
  3 goblins
  2 hobgoblins (D:1)
  A ball python (D:1)
  2 bats (D:1)
  A frilled lizard (D:1)
  5 kobolds (D:1)
  5 rats (D:1)
23 creatures vanquished.

Notes
Turn   | Place    | Note
-------+----------+-------------------------------------------
     0 | D:1      | jasper the Minotaur Fighter began the quest for the Orb.
     0 | D:1      | Reached XP level 1. HP: 19/19 MP: 0/0
   555 | D:1      | Reached XP level 2. HP: 26/27 MP: 1/1
   589 | D:1      | Found a faded altar of an unknown god.
   928 | D:2      | Noticed Jessica
   970 | D:1      | Reached XP level 3. HP: 27/33 MP: 2/2
  1012 | D:2      | Killed from afar by a dart slug

Illustrated notes

Levels and vault maps discovered:
D:1:      dpeg_arrival_radiant, layout_basic, serial_forest,
          infiniplex_forest_clump_long, infiniplex_forest_lined_1,
          infiniplex_forest_lined_room_3, infiniplex_forest_clump_double,
          infiniplex_forest_clump_double, infiniplex_forest_end_3,
          infiniplex_forest_straight_2, ebering_ecumenical_altar_petrified
D:2:      layout_rooms, corexii_corridor_pit, uniq_crazy_yiuf_cottage,
          uniq_jessica

Skill      XL: |  1  2 |
---------------+-------+-----
Fighting       | 4 |  4.0
Shields        | 4 |  4.0
Unarmed Combat | 3 |  3.2
Armour         | |  3.6

Action                     || total
---------------------------++-------
  Melee: Unarmed           ||    78
         Headbutt          ||     9
    Use: Scroll            ||     4
 Armour: Scale mail        ||    50
  Dodge: Dodged            ||    30
  Block: Buckler           ||    33
         Reflection        ||     1

Table legend: (Time is in decaauts)
 A = Elapsed time spent in this place.
 B = Non-inter-level travel time spent in this place.
 C = Inter-level travel time spent in this place.
 D = Time resting spent in this place.
 E = Time spent auto-exploring this place.
 F = Levels seen in this place.
 G = Mean time per level.
                   A        B        C        D        E       F      G
               +--------+--------+--------+--------+--------+-----+--------+
         Total |   1013 |    989 |     24 |    131 |    652 |   2 |  506.5 |
       Dungeon |   1013 |    989 |     24 |    131 |    652 |   2 |  506.5 |
               +--------+--------+--------+--------+--------+-----+--------+

Top non-repeatable levels by time:
     D:1: 993 daAuts
     D:2: 20 daAuts
